 Dungeon Crawl Stone Soup version 0.24.0-1-gfbc8707 (webtiles) character file.

Game seed: 6906119843237968324, levelgen mode: deterministic

70 AmazingTV the Skirmisher (level 4, -1/35 HPs)
             Began as a Demonspawn Berserker on Nov 15, 2019.
             Was a Believer of Trog.
             Slain by an adder (3 damage)
             ... on level 2 of the Dungeon on Nov 16, 2019.
             The game lasted 00:31:50 (2042 turns).

AmazingTV the Skirmisher (Demonspawn Berserker)     Turns: 2042, Time: 00:31:50

Health: -1/35      AC:  2    Str: 17    XL:     4   Next: 4%
Magic:  4/4        EV: 12    Int:  9    God:    Trog [**....]
Gold:   96         SH:  0    Dex: 13    Spells: 3/3 levels left

rFire    . . .     SeeInvis .   a - +0 hand axe
rCold    . . .     Gourm    .   (no shield)
rNeg     . . .     Faith    .   b - +0 animal skin
rPois    .         Spirit   .   (no helmet)
rElec    .         Reflect  .   (no cloak)
rCorr    .         Harm     .   (no gloves)
MR       .....                  (no boots)
Stlth    ++........             (no amulet)
HPRegen  0.11/turn              (no ring)
MPRegen  0.09/turn              (no ring)

@: no status effects
A: claws 1, hooves 1, demonic guardian 1
a: Berserk, Trog's Hand, Renounce Religion


You were on level 2 of the Dungeon.
You worshipped Trog.
Trog was pleased with you.
You were not hungry.

You visited 1 branch of the dungeon, and saw 3 of its levels.

You collected 96 gold pieces.

Inventory:

Hand Weapons
 a - a +0 hand axe (weapon)
 h - a +0 dagger
 l - a +0 dagger
 m - a +0 club
 n - a +0 whip
 o - a +0 hunting sling
 p - a +0 hand axe
 q - a +0 club
Missiles
 e - 14 poisoned darts (quivered)
 j - 18 sling bullets
 s - 25 bolts
Armour
 b - a +0 animal skin (worn)
 d - a +0 ring mail
 f - a +0 leather armour
 g - a +0 ring mail
 r - a +0 ring mail
 t - a +0 leather armour
Scrolls
 c - a scroll of identify
 k - a scroll of magic mapping


   Skills:
 + Level 3.5 Fighting
 + Level 3.2 Axes
 + Level 0.9 Throwing
 + Level 1.8 Armour
 + Level 2.2 Dodging
 * Level 1.4 Stealth


You had 3 spell levels left.
You didn't know any spells.
Your spell library was empty.

Dungeon Overview and Level Annotations

Branches:
Dungeon (3/15)

Altars:


Innate Abilities, Weirdness & Mutations

You have sharp fingernails.
You have large cloven feet.
A weak demonic guardian rushes to your aid.


Message History

The adder barely misses you.
Your shadow imp hits the adder.
The adder bites you.
* * * LOW HITPOINT WARNING * * *
The goblin unwields a +0 hunting sling.
The goblin wields a +0 dagger.
The goblin hits your shadow imp with a +0 dagger.
The goblin hits your shadow imp.
Your shadow imp misses the goblin.
The goblin barely misses your shadow imp. x2
The goblin shoots a stone.
The stone closely misses you. The adder misses you.
Your shadow imp misses the goblin.
There is a stone staircase leading up here.
The adder bites you but does no damage.
The goblin hits your shadow imp but does no damage.
The goblin barely misses your shadow imp.
Your shadow imp barely misses the goblin.
You climb upwards.
There is a stone staircase leading down here.
You closely miss the adder. Your kick misses the adder.
The adder is moderately wounded.
The adder bites you.
You die...

#.<..#
#.##.##.....####...#
#.#### #.##.##.##..# ##..#
#. ####.##........#####..#
#.#
#....#####.#...........
#.# #...#.##
#.....####.... #.#
####...##.#####..### #...#
..#
#.........)###.#...###...#
..#
#.........#.......<.>.....
..#
#.......S@.###...#.###.##.
..#
####...#............##.##.
..#
#........(.............
.(#
#....#.#####.......###.
..# ##.###.# ####.##.#...
..# #.###.#### #.##.#.#.
..# #........# #.##.#.#.
..# #..##.##.#####.##.#.##
..# #..##.##..#...#.......


You could see an adder.

Vanquished Creatures
  An adder (D:2)
  A worm (D:2)
  3 dart slugs (D:1)
  4 leopard geckos
  An orc (D:3)
  A ball python (D:2)
  6 goblins
  9 hobgoblins
  4 jackals (D:1)
  2 bats (D:2)
  A frilled lizard (D:1)
  5 kobolds
  7 rats
45 creatures vanquished.

Notes
Turn   | Place    | Note
-------+----------+-------------------------------------------
     0 | D:1      | AmazingTV the Demonspawn Berserker began the quest for the
                  | Orb.
     0 | D:1      | Reached XP level 1. HP: 18/18 MP: 1/1
   356 | D:1      | Gained mutation: You have sharp fingernails. [demonic
                  | ancestry]
   356 | D:1      | Reached XP level 2. HP: 24/24 MP: 2/2
   620 | D:1      | Reached skill level 1 in Stealth
   690 | D:1      | Gained mutation: A weak demonic guardian rushes to your
                  | aid. [demonic ancestry]
   690 | D:1      | Reached XP level 3. HP: 29/29 MP: 3/3
  1389 | D:2      | Reached ** piety under Trog
  2026 | D:3      | Gained mutation: You have large cloven feet. [demonic
                  | ancestry]
  2026 | D:3      | Reached XP level 4. HP: 26/35 MP: 4/4
  2042 | D:2      | Slain by an adder

Levels and vault maps discovered:
D:1:      dpeg_arrival_concentric_ovals, layout_basic, minmay_cupped
D:2:      layout_loops_ring, serial_glass, glass_columns_a, glass_columns_c,
          due_unseen_surprise
D:3:      layout_basic, lemuel_coloured_pillars_altar, first_ration, uniq_robin

Skill      XL: |  1  2 |
---------------+-------+-----
Dodging        | 2 |  2.2
Axes           | 3 |  3.2
Stealth        | 1 |  1.4
Fighting       | |  3.5
Throwing       | |  0.9
Armour         | |  1.8

Action                   |  1- 3 |  4- 6 || total
-------------------------+-------+-------++-------
Melee: Hand axe          |   121 |     2 ||   123
       Dagger            |     1 |       ||     1
       Club              |     5 |       ||     5
Throw: Dart              |    35 |     4 ||    39
  Use: Scroll            |     1 |     1 ||     2
       Potion            |     1 |     1 ||     2
  Eat: Ration            |     1 |       ||     1
Armor: Animal skin       |    19 |     2 ||    21
Dodge: Dodged            |    70 |     6 ||    76
